AoeStats
← GORGORY

Arabia

510091345Analyzed
4v4 RM · 3d ago on Sep 29, 2026· 50m 42s· 8 players
Game mode
Random Map
Map size
Large (8 player)
Population
200
Speed
Normal
Resources
Standard
Victory
Conquest
Starting age
Dark Age
Ending age
Imperial Age
RankedLock teamsTeams togetherTeam positionsShared explorationLock speedFull tech treeHidden civsTurbo modeCheats
Victory
Defeat
🇮🇳 Chinese · India
1066
+11
🇮🇳 Byzantines · India
959
+15
🇮🇳 Burgundians · India
950
+15
🇨🇦 Huns · Canada
874
+19
🇨🇳 Spanish · China
960
-16
🇭🇰 Cumans · Hong Kong SAR China
941
-15
🇦🇷 Ethiopians · Argentina
930
-15
🇮🇩 Maya · Indonesia
910
-14
vincentballack
8:55 Loom
11:22 Feudal Age
17:02 Double-Bit Axe
19:01 Horse Collar
26:03 Castle Age
24:55 Fletching
25:55 Padded Archer Armor
27:17 Light Cavalry
28:12 Elite Skirmisher
GibranRakatiwing
0:28 Loom
11:07 Feudal Age
11:45 Double-Bit Axe
11:55 Stone Mining
14:11 Wheelbarrow
13:50 Horse Collar
17:51 Gold Mining
19:42 Fletching
19:53 Padded Archer Armor
26:09 Castle Age
26:33 Elite Skirmisher
27:58 Bodkin Arrow
29:25 Ballistics
30:18 Bow Saw
31:02 Leather Archer Armor
31:46 Hul'che Javelineers
31:56 Heavy Plow
32:09 Thumb Ring
36:41 Imperial Age
38:34 Chemistry
37:37 Bracer
38:09 Ring Archer Armor
38:15 Crop Rotation
38:46 Two-Man Saw
38:20 Conscription
37:26 Crossbowman
41:08 Arbalester
44:33 Guard Tower
44:33 Heated Shot
44:54 Masonry
GORGORY
6:15 Loom
9:04 Feudal Age
9:34 Double-Bit Axe
9:57 Horse Collar
13:47 Wheelbarrow
19:04 Castle Age
18:11 Stone Mining
18:45 Gold Mining
19:37 Elite Skirmisher
21:15 Fletching
23:49 Fervor
23:38 Town Watch
28:17 Scale Mail Armor
30:06 Hand Cart
30:36 Forging
31:32 Squires
31:56 Heavy Plow
33:50 Ballistics
33:26 Murder Holes
32:55 Crossbowman
33:33 Bodkin Arrow
33:38 Padded Archer Armor
35:23 Thumb Ring
35:36 Leather Archer Armor
35:38 Chain Mail Armor
35:58 Iron Casting
35:53 Bow Saw
36:04 Arson
36:56 Royal Heirs
38:13 Town Patrol
永不投降嘻嘻
11:26 Feudal Age
12:39 Loom
17:21 Castle Age
18:52 Double-Bit Axe
18:48 Horse Collar
24:01 Wheelbarrow
24:41 Padded Archer Armor
25:07 Bloodlines
27:08 Husbandry
28:00 Hand Cart
32:47 Fletching
34:46 Bodkin Arrow
36:08 Leather Archer Armor
road to random K
0:40 Loom
12:20 Feudal Age
16:55 Castle Age
23:31 Wheelbarrow
23:10 Husbandry
23:55 Double-Bit Axe
25:31 Gold Mining
25:33 Stone Mining
25:44 Stone Mining
26:31 Wheelbarrow
27:15 Bloodlines
28:09 Horse Collar
29:16 Bow Saw
30:48 Forging
30:44 Scale Barding Armor
30:29 Fletching
31:33 Wheelbarrow
31:51 Murder Holes
33:02 Marauders
35:35 Iron Casting
36:43 Hand Cart
42:00 Chain Barding Armor
51:52 Imperial Age
50:22 Gold Mining
Nonails
0:26 Loom
10:55 Feudal Age
11:06 Man-at-Arms
11:34 Double-Bit Axe
11:30 Horse Collar
16:56 Fletching
19:41 Town Watch
22:37 Castle Age
22:12 Gold Mining
22:05 Horse Collar
22:57 Crossbowman
23:33 Bodkin Arrow
24:34 Bow Saw
25:46 Wheelbarrow
27:23 Ballistics
27:41 Padded Archer Armor
30:05 Thumb Ring
32:05 Heavy Plow
32:41 Gold Shaft Mining
34:37 Stone Mining
38:11 Imperial Age
38:58 Bracer
38:19 Arbalester
40:43 Leather Archer Armor
44:50 Ring Archer Armor
45:13 Conscription
46:14 Rocketry
48:16 Two-Man Saw
47:52 Stone Shaft Mining
48:42 Spies/Treason
50:18 Forging
Vadok
12:49 Feudal Age
14:07 Wheelbarrow
13:39 Double-Bit Axe
18:54 Castle Age
17:56 Scale Barding Armor
17:35 Horse Collar
19:14 Forging
20:39 Husbandry
21:22 Cavalier
26:34 Chain Barding Armor
31:22 Iron Casting
34:58 Hand Cart
44:56 Heavy Plow
44:44 Loom
45:05 Caravan
45:35 Coinage
SinisterIssue
4:03 Loom
11:39 Feudal Age
13:50 Double-Bit Axe
17:34 Fletching
20:26 Castle Age
18:20 Gold Mining
19:06 Horse Collar
19:18 Fletching
19:30 Padded Archer Armor
20:44 Crossbowman
22:32 Stone Mining
23:33 Bow Saw
25:34 Bodkin Arrow
25:54 Leather Archer Armor
28:35 Ballistics
28:41 Thumb Ring
29:57 Wheelbarrow
30:11 Heavy Plow
32:58 Gold Shaft Mining
32:47 Hand Cart
38:08 Imperial Age
36:41 Stone Shaft Mining
38:52 Arbalester
39:38 Bracer
40:08 Ring Archer Armor
40:41 Chemistry
45:34 Conscription
Connection lost

Rejoining the realm…

Still unreachable

The connection could not be restored.

Session expired

The server has moved on; the page needs a fresh start.